[Event "Titled Tuesday Blitz January 11 2022"]
[White "Triapishko, Alexandr"]
[Black "Tarlabasi, Emirhan"]
[WhiteFideId "14122286"]
[BlackFideId "6350275"]
[WhiteElo "2479"]
[BlackElo "1949"]
[Result "1-0"]
[Round "01"]
[TimeControl "180+1"]
[Date "2022.01.11"]
[WhiteClock "0:00:27"]
[BlackClock "0:00:05"]

1. e4 c5 2. Nf3 e6 3. d4 cxd4 4. Nxd4 Nf6 5. Nc3 Nc6 6. Ndb5 Bb4 7. a3 Bxc3+ 8. Nxc3 d5 9. exd5 Nxd5 10. Bd2 O-O 11. Bd3 h6 12. O-O Re8 13. Re1 e5 14. Nxd5 Qxd5 15. Bxh6 e4 16. Bf4 Bf5 17. Bf1 Rad8 18. Qxd5 Rxd5 19. Rad1 Red8 20. Rxd5 Rxd5 21. c3 Na5 22. h3 Rd7 23. g4 Bg6 24. Kg2 f5 25. b4 Nc6 26. Bc4+ Kf8 27. Be6 Rd3 28. gxf5 Bh5 29. Be3 Bf3+ 30. Kg3 Rxc3 31. Kf4 b6 32. b5 Nd8 33. a4 Nxe6+ 34. fxe6 Ke7 35. Ke5 g6 36. Rg1 Bh5 37. Bg5+ Ke8 38. h4 Rc5+ 39. Kxe4 Rc4+ 40. Ke5 Rxa4 41. Rc1 Kf8 42. Rc8+ Kg7 43. Bf6+ 1-0


[Site "https://www.chess.com"]

[Event "Titled Tuesday Blitz January 11 2022"]
[White "Tsydypov, Zhamsaran"]
[Black "Stromboli, Ettore"]
[WhiteFideId "4108566"]
[BlackFideId "813761"]
[WhiteElo "2614"]
[BlackElo "2414"]
[Result "0-1"]
[Round "01"]
[TimeControl "180+1"]
[Date "2022.01.11"]
[WhiteClock "0:01:50"]
[BlackClock "0:01:07"]

1. d4 Nf6 2. c4 e6 3. Nf3 b6 4. Qc2 c5 5. d5 d6 6. e4 exd5 7. cxd5 Be7 8. Nc3 O-O 9. h3 Ba6 10. Bxa6 Nxa6 11. O-O Nc7 12. Rd1 Nd7 13. Bf4 b5 14. a3 a5 15. e5 dxe5 16. Nxe5 Nxe5 17. Bxe5 Bd6 18. Bxd6 Qxd6 19. Ne4 Qe5 20. Nxc5 Rfd8 21. d6 Rxd6 22. Nd7 Qf4 23. g3 Rxd1+ 24. Rxd1 Qc4 25. Qxc4 bxc4 26. Ne5 c3 27. bxc3 Nb5 28. c4 Nxa3 29. Rc1 Rc8 30. c5 Nb5 31. Nd7 Rc7 32. Nb6 Kf8 33. c6 Nd4 34. Rc5 Rxc6 35. Rd5 Rxb6 36. Rxd4 Rb4 37. Rd8+ Ke7 38. Ra8 a4 39. Ra6 h5 40. h4 f6 41. Kf1 g5 42. hxg5 fxg5 43. Kg2 h4 44. gxh4 gxh4 45. Kh3 Kd7 46. Ra7+ Kc6 47. Ra5 Kb6 48. Ra8 Kb5 49. Ra7 Rd4 50. Ra8 Kb4 51. Rb8+ Kc3 52. Ra8 Rb4 53. f3 Kb2 0-1


[Site "https://www.chess.com"]

[Event "Titled Tuesday Blitz January 11 2022"]
[White "Vivas Zamora, Fabian Ernesto"]
[Black "Paravyan, David"]
[WhiteFideId "3902480"]
[BlackFideId "4194985"]
[WhiteElo "1966"]
[BlackElo "2569"]
[Result "0-1"]
[Round "01"]
[TimeControl "180+1"]
[Date "2022.01.11"]
[WhiteClock "0:00:01"]
[BlackClock "0:00:17"]

1. c4 Nc6 2. d4 e5 3. d5 Bb4+ 4. Bd2 Bxd2+ 5. Qxd2 Nce7 6. d6 cxd6 7. Nc3 Nf6 8. e4 b5 9. cxb5 Bb7 10. Qxd6 Nxe4 11. Qxe5 O-O 12. Nxe4 Ng6 13. Qg3 Bxe4 14. Be2 Re8 15. Nh3 Qa5+ 16. Kf1 Rac8 17. Ng5 Bd5 18. h4 Qxa2 19. Rd1 Qxb2 20. Bf3 Bb3 21. h5 Ne5 22. Re1 Qd2 23. Ne4 Bc4+ 24. Kg1 Qxe1+ 25. Kh2 Qb4 26. Nf6+ Kh8 27. h6 g6 28. Nxe8 Rxe8 29. Qf4 Qd6 30. g3 Kg8 31. Rc1 Qd2 32. Rxc4 Nxc4 33. Qf6 Qxh6+ 34. Kg2 Ne5 35. Bd5 Qg7 36. Qd6 h5 37. Qc7 Qf6 38. Qxa7 Qd6 0-1


[Site "https://www.chess.com"]

[Event "Titled Tuesday Blitz January 11 2022"]
[White "Vusatiuk, Vladimir"]
[Black "Xiong, Jeffery"]
[WhiteFideId "14118610"]
[BlackFideId "2047640"]
[WhiteElo "2157"]
[BlackElo "2727"]
[Result "1-0"]
[Round "01"]
[TimeControl "180+1"]
[Date "2022.01.11"]
[WhiteClock "0:00:20"]
[BlackClock "0:00:28"]

1. d4 Nf6 2. c4 g6 3. Nc3 d5 4. cxd5 Nxd5 5. e4 Nxc3 6. bxc3 Bg7 7. Nf3 c5 8. Rb1 O-O 9. Be2 b6 10. O-O Qc7 11. Qd3 e6 12. Qe3 Nd7 13. e5 Bb7 14. Ba3 Rfd8 15. Rfd1 a6 16. Nd2 Bf8 17. Bf3 Bxf3 18. Qxf3 Rac8 19. Ne4 Qc6 20. h4 Qa4 21. Ng5 f5 22. exf6 Qxa3 23. f7+ Kh8 24. Nxe6 c4 25. h5 Qd6 26. Re1 b5 27. hxg6 h6 28. Re4 Bg7 29. Nxd8 Rxd8 30. Re8+ Nf8 31. Rbe1 Rd7 32. Qa8 Qxg6 33. Rxf8+ Bxf8 34. Qxf8+ Kh7 35. Re7 Rd6 36. Re8 1-0


[Site "https://www.chess.com"]

[Event "Titled Tuesday Blitz January 11 2022"]
[White "Yilmaz, Mustafa"]
[Black "Berezin, Viktor"]
[WhiteFideId "6302718"]
[BlackFideId "14107872"]
[WhiteElo "2568"]
[BlackElo "2310"]
[Result "1-0"]
[Round "01"]
[TimeControl "180+1"]
[Date "2022.01.11"]
[WhiteClock "0:00:45"]
[BlackClock "0:00:03"]

1. e4 d5 2. exd5 Nf6 3. d4 Bg4 4. f3 Bh5 5. g4 Bg6 6. c4 e6 7. Nc3 exd5 8. g5 Nh5 9. Qe2+ Be7 10. Nxd5 Nc6 11. Be3 O-O 12. O-O-O Bxg5 13. f4 Bf6 14. f5 Bxf5 15. Qxh5 Bg6 16. Qf3 Bg5 17. Bd3 Nxd4 18. Qf2 c6 19. Nf4 Bxf4 20. Bxf4 c5 21. Nf3 Qa5 22. Nxd4 cxd4 23. Kb1 Rad8 24. Qc2 b5 25. c5 b4 26. c6 Rc8 27. c7 Rfe8 28. Rhe1 Bxd3 29. Qxd3 Rxe1 30. Rxe1 b3 31. axb3 Qxe1+ 32. Ka2 Qf2 33. Qa6 Rxc7 34. Bxc7 h5 35. Qxa7 Qe3 36. Bb6 Qf4 37. Bxd4 Qxh2 38. Qa8+ Kh7 39. Qe4+ g6 40. Qe8 Kh6 41. Qxf7 Qd2 42. Bg7+ Kg5 43. Qf6+ Kg4 44. Qxg6+ Kh3 45. Qxh5+ 1-0


[Site "https://www.chess.com"]

[Event "Titled Tuesday Blitz January 11 2022"]
[White "Al-Tarboush, Ward"]
[Black "Jobava, Baadur"]
[WhiteFideId "7601450"]
[BlackFideId "13601520"]
[WhiteElo "2276"]
[BlackElo "2617"]
[Result "0-1"]
[Round "02"]
[TimeControl "180+1"]
[Date "2022.01.11"]
[WhiteClock "0:00:02"]
[BlackClock "0:00:46"]

1. e4 e6 2. d4 d5 3. exd5 exd5 4. Bd3 Nf6 5. Bg5 Be7 6. Ne2 h6 7. Bh4 O-O 8. Nbc3 Nc6 9. f3 Nb4 10. Bf2 Re8 11. h4 Bf8 12. g4 Bxg4 13. fxg4 Nxg4 14. a3 Qf6 15. Rf1 Nh2 16. Rh1 Ng4 17. Rf1 Nc6 18. Bg3 Qxf1+ 19. Kxf1 Ne3+ 20. Kf2 Nxd1+ 21. Rxd1 Rad8 22. Bxc7 Rd7 23. Bf4 Bd6 24. Nxd5 Kf8 25. c3 Bxa3 26. Nf6 gxf6 27. Bxh6+ Ke7 28. bxa3 Rh8 29. Bf4 Rxh4 30. Bg3 Rh8 31. Nf4 Kd8 32. Bf5 Rd6 33. Rb1 b6 34. Nd3 Rd5 35. Be4 Ne7 36. Bxd5 Nxd5 37. c4 Nc3 38. Re1 f5 39. Be5 Rh3 40. Bf6+ Kc8 41. Re8+ Kd7 42. Rd8+ Kc7 43. Nf4 Ne4+ 44. Kg2 Nxf6 45. Rf8 Rh7 46. Kf3 Ne4 47. Nd5+ Kb7 48. Kf4 Rh4+ 49. Ke5 Ng5 50. Rg8 Nf3+ 51. Kd6 Nxd4 52. Rg7 Rh6+ 53. Kd7 Nc6 54. Ke8 Ne5 55. Ke7 Re6+ 56. Kf8 Kc6 57. Nf4 Ng6+ 58. Nxg6 fxg6 59. Kf7 Rd6 60. Rg8 f4 61. Rc8+ Kd7 62. Ra8 f3 63. Rxa7+ Kc6 64. Kg7 Rd7+ 65. Rxd7 Kxd7 66. c5 bxc5 0-1


[Site "https://www.chess.com"]

[Event "Titled Tuesday Blitz January 11 2022"]
[White "Altman, Joshua"]
[Black "Erigaisi Arjun"]
[WhiteFideId "426210"]
[BlackFideId "35009192"]
[WhiteElo "1945"]
[BlackElo "2745"]
[Result "0-1"]
[Round "02"]
[TimeControl "180+1"]
[Date "2022.01.11"]
[WhiteClock "0:00:19"]
[BlackClock "0:00:19"]

1. d4 Nf6 2. c4 g6 3. Nc3 Bg7 4. Nf3 O-O 5. Bg5 d6 6. e3 Bg4 7. Be2 c6 8. h3 Bxf3 9. Bxf3 Nbd7 10. O-O e5 11. Qc2 Re8 12. Rfd1 Qc7 13. Rac1 Nf8 14. b4 Ne6 15. Bxf6 Bxf6 16. d5 Ng5 17. Be2 h5 18. dxc6 bxc6 19. b5 Rac8 20. bxc6 Qxc6 21. Nd5 Bg7 22. h4 Ne6 23. Bf3 Qd7 24. Qb3 e4 25. Be2 Rb8 26. Qa3 Qd8 27. Qa6 Nc5 28. Qxa7 Rb2 29. Bf1 Qxh4 30. g3 Qg4 31. Rb1 Rc2 32. Rb8 Rxb8 33. Qxb8+ Kh7 34. Qxd6 Qf3 35. Nf6+ Bxf6 36. Rd2 Be7 37. Qd5 Rxd2 38. Qxd2 h4 39. gxh4 Bxh4 40. Bg2 Qf5 41. Qd5 Bxf2+ 42. Kf1 Bxe3+ 43. Qxf5 gxf5 44. Ke2 f4 45. a4 Bd4 46. a5 f3+ 47. Bxf3 exf3+ 48. Kxf3 f5 49. Kf4 Kg6 50. a6 Nxa6 51. c5 Nxc5 52. Kf3 Kg5 53. Kg2 Kf4 54. Kh1 Kf3 55. Kh2 f4 56. Kh1 Ne4 57. Kh2 Ng3 58. Kh3 Bg1 59. Kh4 Kg2 60. Kg4 f3 61. Kh4 f2 62. Kg4 f1=Q 63. Kh4 Qf4# 0-1


[Site "https://www.chess.com"]

[Event "Titled Tuesday Blitz January 11 2022"]
[White "Artemenko, Oleg"]
[Black "Sadhwani, Raunak"]
[WhiteFideId "14201798"]
[BlackFideId "35093487"]
[WhiteElo "2287"]
[BlackElo "2616"]
[Result "0-1"]
[Round "02"]
[TimeControl "180+1"]
[Date "2022.01.11"]
[WhiteClock "0:00:04"]
[BlackClock "0:00:48"]

1. d4 Nf6 2. Nc3 d5 3. Bf4 e6 4. Nb5 Na6 5. e3 Be7 6. Nf3 O-O 7. Be2 Nh5 8. Bg3 Nxg3 9. hxg3 c6 10. Nc3 Qb6 11. Qc1 c5 12. g4 h6 13. Bxa6 Qxa6 14. Ne2 f6 15. Nf4 Bd6 16. Ng6 Rf7 17. c3 Bd7 18. Qc2 Bb5 19. Kd2 Rc8 20. Rh5 Qa4 21. Qxa4 Bxa4 22. Rah1 Be8 23. Nf4 cxd4 24. Nxd4 e5 25. Nf5 Bf8 26. Nxd5 Rd7 27. e4 Bxh5 28. gxh5 Kf7 29. Rh3 b5 30. b3 a5 31. Rd3 Rcd8 32. g4 Ra8 33. f3 Bc5 34. Kc2 Rad8 35. Kd2 Bf8 36. Kc2 g6 37. hxg6+ Kxg6 38. Rd1 Kg5 39. Rh1 Rxd5 40. exd5 Rxd5 41. Rh5+ Kf4 42. Nxh6 Kxf3 43. Rf5+ Ke2 44. Rxf6 Rd2+ 45. Kb1 Rd1+ 46. Kb2 Rd2+ 47. Kb1 Ba3 48. b4 a4 49. Rf1 Kxf1 50. Nf5 Ke2 51. Ng3+ Kd3 0-1


[Site "https://www.chess.com"]

[Event "Titled Tuesday Blitz January 11 2022"]
[White "Bluebaum, Matthias"]
[Black "Mitusov, Semen"]
[WhiteFideId "24651516"]
[BlackFideId "14151049"]
[WhiteElo "2550"]
[BlackElo "2246"]
[Result "1-0"]
[Round "02"]
[TimeControl "180+1"]
[Date "2022.01.11"]
[WhiteClock "0:00:21"]
[BlackClock "0:00:17"]

1. d4 d5 2. Nf3 Bf5 3. c3 e6 4. Qb3 Nd7 5. Qxb7 Rb8 6. Qa6 c5 7. e3 cxd4 8. Nxd4 Rb6 9. Qxa7 Bg6 10. Bb5 Nf6 11. Nc6 Qc8 12. Qxb6 Nxb6 13. Na7+ Qd7 14. a4 Bc5 15. a5 Nc4 16. Bxd7+ Kxd7 17. Nb5 Rb8 18. Nd4 Nxb2 19. Bxb2 Rxb2 20. O-O Ne4 21. a6 Ba7 22. f3 Nd6 23. f4 f6 24. f5 Nxf5 25. Rf2 Rb8 26. Na3 Nd6 27. Re2 e5 28. Ndc2 Rb3 29. Nb4 Rxc3 30. Nxd5 Rd3 31. Nb4 Rb3 32. Nac2 Nc4 33. Kh1 Kc7 34. h3 Bh5 35. Ree1 Bg6 36. Reb1 Rc3 37. Nd5+ Kc6 38. Nxc3 Bxc2 39. Rb7 Bxe3 40. a7 Bxa7 41. Raxa7 Nd6 42. Rc7+ Kb6 43. Nd5+ Kb5 44. Rxc2 1-0


[Site "https://www.chess.com"]

[Event "Titled Tuesday Blitz January 11 2022"]
[White "Budrewicz, Krzysztof"]
[Black "Dastan, Muhammed Batuhan"]
[WhiteFideId "1127950"]
[BlackFideId "6300014"]
[WhiteElo "2248"]
[BlackElo "2410"]
[Result "0-1"]
[Round "02"]
[TimeControl "180+1"]
[Date "2022.01.11"]
[WhiteClock "0:00:30"]
[BlackClock "0:00:22"]

1. d4 d5 2. c4 c6 3. Nf3 Nf6 4. Nbd2 Bf5 5. Nh4 Bc8 6. Qb3 g6 7. g3 Bg7 8. Bg2 O-O 9. O-O dxc4 10. Qxc4 Nfd7 11. Nb3 Nb6 12. Qd3 Na6 13. Rd1 Be6 14. Bd2 Bxb3 15. Qxb3 Qxd4 16. Bc3 Qa4 17. Qxa4 Nxa4 18. Bxg7 Kxg7 19. Rd7 N6c5 20. Rxe7 Rfe8 21. Rxe8 Rxe8 22. e3 Nxb2 23. Rb1 Nba4 24. Nf3 Rd8 25. Nd4 Kf6 26. h4 h5 27. Kf1 Nb6 28. Ke2 Ne6 29. Nb3 Rd7 30. Na5 Nc5 31. Rb4 Nd3 32. Rb1 Ne5 33. Nb3 Nec4 34. Be4 Ke7 35. Bd3 Na4 36. Rc1 Ne5 37. Bb1 Ng4 38. f3 Nf6 39. Nd4 a6 40. a3 Nd5 41. Bd3 Ndc3+ 42. Kd2 Nb5 43. Bxb5 axb5 44. Ke2 Nb6 45. Rc3 Rd8 46. Nb3 Na4 47. Rc2 Kd6 48. Nd4 Nb6 49. g4 Ra8 50. Rc3 Nc4 51. Nc2 hxg4 52. fxg4 Rh8 53. Rd3+ Kc7 54. Rd4 Rxh4 55. Rf4 Rh2+ 56. Kd3 Rd2+ 57. Kc3 Rd7 58. Rf6 Re7 59. Rf3 Ne5 60. Rf4 Nc4 61. Rf3 Kb6 62. a4 Nd6 63. axb5 Nxb5+ 64. Kd3 Nd6 65. Rf6 Kc7 66. Nd4 Ne8 67. Rf1 Ng7 68. Kc4 Ne8 69. Kd3 Rd7 70. Ke4 Nd6+ 71. Ke5 Nc4+ 72. Kf6 Nxe3 73. Rf4 Nd5+ 0-1


[Site "https://www.chess.com"]

[Event "Titled Tuesday Blitz January 11 2022"]
[White "Carnicelli, Valerio"]
[Black "Sarana, Alexey"]
[WhiteFideId "856185"]
[BlackFideId "24133795"]
[WhiteElo "2627"]
[BlackElo "3073"]
[Result "0-1"]
[Round "02"]
[TimeControl "180+1"]
[Date "2022.01.11"]
[WhiteClock "0:01:13"]
[BlackClock "0:01:59"]

1. e4 c5 2. Nf3 d6 3. d4 cxd4 4. Nxd4 Nf6 5. Nc3 a6 6. f3 e5 7. Nb3 Be6 8. Be3 Nbd7 9. Qd2 b5 10. O-O-O Be7 11. g4 b4 12. Nd5 Bxd5 13. exd5 Nb6 14. Qxb4 Nfxd5 15. Bxb6 Nxb6 16. Kb1 O-O 17. h4 d5 18. Qe1 Qc7 19. Bd3 a5 20. g5 a4 21. Nc1 a3 22. b3 Rfb8 23. g6 hxg6 24. h5 g5 25. h6 g6 26. Ne2 Bf6 27. Rc1 Na4 28. Rg1 e4 29. fxe4 dxe4 30. h7+ Kxh7 31. Bxe4 Qe5 0-1


[Site "https://www.chess.com"]

[Event "Titled Tuesday Blitz January 11 2022"]
[White "Chigaev, Maksim"]
[Black "Aloma Vidal, Robert"]
[WhiteFideId "4108116"]
[BlackFideId "2260409"]
[WhiteElo "2502"]
[BlackElo "2435"]
[Result "1-0"]
[Round "02"]
[TimeControl "180+1"]
[Date "2022.01.11"]
[WhiteClock "0:01:22"]
[BlackClock "0:00:18"]

1. d4 d5 2. Nf3 Bf5 3. Bf4 e6 4. e3 Bd6 5. Bg3 Nf6 6. c4 c6 7. Qb3 b6 8. Nc3 O-O 9. Ne5 c5 10. cxd5 cxd4 11. exd4 exd5 12. Be2 Be6 13. O-O Ne4 14. Nxe4 dxe4 15. d5 Bf5 16. Rfd1 Qf6 17. Nc4 Bxg3 18. hxg3 Nd7 19. Rac1 Rac8 20. Qa3 a5 21. Qd6 Rxc4 22. Qxf6 Nxf6 23. Rxc4 Rd8 24. Rc6 Nd7 25. g4 Bg6 26. Rd6 Kf8 27. Bb5 Ke7 28. Rxd7+ Rxd7 29. Bxd7 Kxd7 30. d6 f6 31. a3 Bf7 32. Rd4 Be6 33. f3 exf3 34. gxf3 f5 35. g5 h6 36. f4 hxg5 37. fxg5 g6 38. Kf2 Kc6 39. Ke3 Bd7 40. b4 axb4 41. axb4 Be6 42. Kf4 Kd7 43. Ke5 Bb3 44. Rd3 Bc2 45. Rc3 Be4 46. Rc7+ Kd8 47. Ke6 1-0


[Site "https://www.chess.com"]

[Event "Titled Tuesday Blitz January 11 2022"]
[White "Chizhikov, Vladislav"]
[Black "Yilmaz, Mustafa"]
[WhiteFideId "4178157"]
[BlackFideId "6302718"]
[WhiteElo "2120"]
[BlackElo "2568"]
[Result "0-1"]
[Round "02"]
[TimeControl "180+1"]
[Date "2022.01.11"]
[WhiteClock "0:00:09"]
[BlackClock "0:00:19"]

1. e4 e5 2. Nf3 Nc6 3. Bc4 Nf6 4. O-O Bc5 5. d4 Bxd4 6. Nxd4 Nxd4 7. Bg5 h6 8. Bh4 Qe7 9. c3 Nc6 10. Nd2 g5 11. Bg3 d6 12. Bd5 Bd7 13. Nc4 O-O 14. h4 Nxd5 15. exd5 Nd8 16. hxg5 hxg5 17. Qh5 f5 18. f4 Bb5 19. b3 Bxc4 20. bxc4 exf4 21. Rae1 Qg7 22. Bf2 c5 23. dxc6 Nxc6 24. Re6 Rf6 25. Rfe1 Raf8 26. Rxf6 Qxf6 27. c5 dxc5 28. Bxc5 Rd8 29. Re8+ Rxe8 30. Qxe8+ Kg7 31. Qd7+ Qf7 32. Qd2 Qe6 33. Bf2 Kg6 34. g3 fxg3 35. Bxg3 f4 36. Bf2 Ne5 37. Qd8 Qg4+ 38. Kf1 Qh3+ 39. Ke2 Qf3+ 40. Kf1 Qd3+ 41. Qxd3+ Nxd3 42. Bxa7 Kf5 43. a4 Ke4 44. a5 Ne5 45. Bd4 Nc6 46. Bb6 Ne5 47. Bd8 g4 48. Ke2 Nc4 49. Bc7 g3 50. Bd8 f3+ 51. Kf1 Ne3+ 52. Ke1 f2+ 53. Kd2 f1=Q 0-1


[Site "https://www.chess.com"]

[Event "Titled Tuesday Blitz January 11 2022"]
[White "Cunjalo, Faris"]
[Black "Sargsyan, Anna M."]
[WhiteFideId "14410710"]
[BlackFideId "13308130"]
[WhiteElo "2263"]
[BlackElo "2271"]
[Result "1-0"]
[Round "02"]
[TimeControl "180+1"]
[Date "2022.01.11"]
[WhiteClock "0:00:09"]
[BlackClock "0:00:09"]

1. f4 e5 2. fxe5 d6 3. exd6 Bxd6 4. Nf3 g5 5. g3 g4 6. Nh4 Ne7 7. Nc3 Ng6 8. Nxg6 hxg6 9. Ne4 Be5 10. c3 f5 11. d4 Bg7 12. Nf2 Be6 13. Bg2 Bd5 14. e4 Bc4 15. b3 Ba6 16. Ba3 Nd7 17. Qc2 Qg5 18. Qd2 Qh5 19. h3 Bh6 20. Qc2 Qg5 21. Bc1 Qe7 22. hxg4 Bg7 23. Rxh8+ Bxh8 24. gxf5 gxf5 25. Bf4 c5 26. e5 cxd4 27. cxd4 Nb6 28. Qxf5 Qb4+ 29. Bd2 Qxd4 30. Qg6+ Kd7 31. Qf7+ Kc8 32. Rc1+ Nc4 33. bxc4 Bxc4 34. Rxc4+ 1-0


[Site "https://www.chess.com"]

[Event "Titled Tuesday Blitz January 11 2022"]
[White "Deac, Bogdan-Daniel"]
[Black "Araujo Sanchez, Josue"]
[WhiteFideId "1226380"]
[BlackFideId "6416896"]
[WhiteElo "2646"]
[BlackElo "2357"]
[Result "0-1"]
[Round "02"]
[TimeControl "180+1"]
[Date "2022.01.11"]
[WhiteClock "0:00:01"]
[BlackClock "0:00:38"]

1. e4 c5 2. Nf3 d6 3. d4 cxd4 4. Nxd4 Nf6 5. Nc3 a6 6. Be2 Nc6 7. Be3 e5 8. Nb3 Be7 9. g4 h6 10. Rg1 Be6 11. Bf3 Rc8 12. Nd5 Bxd5 13. exd5 Na5 14. Nd2 Qc7 15. c3 Nc4 16. Nxc4 Qxc4 17. Qb3 Qxb3 18. axb3 e4 19. Bh1 Nxd5 20. Bd4 Nf6 21. Bxf6 Bxf6 22. Bxe4 Rc7 23. f4 Kd7 24. O-O-O Re8 25. Rge1 g6 26. Kc2 Re7 27. b4 Bh4 28. Re2 Rc4 29. Kd3 Rc7 30. Rdd2 Bf6 31. Bd5 Ke8 32. Rc2 b6 33. c4 Rxe2 34. Rxe2+ Re7 35. Rc2 Rc7 36. b3 Bh4 37. Ra2 Ra7 38. Ke4 Be1 39. Bc6+ Ke7 40. b5 a5 41. Kd5 Bb4 42. Re2+ Kf6 43. h4 Bc5 44. Re4 h5 45. gxh5 gxh5 46. Re8 Re7 47. Rh8 Re3 0-1


[Site "https://www.chess.com"]

[Event "Titled Tuesday Blitz January 11 2022"]
[White "Filipets, Egor"]
[Black "Sjugirov, Sanan"]
[WhiteFideId "13503928"]
[BlackFideId "4189302"]
[WhiteElo "2211"]
[BlackElo "2602"]
[Result "0-1"]
[Round "02"]
[TimeControl "180+1"]
[Date "2022.01.11"]
[WhiteClock "0:00:08"]
[BlackClock "0:00:15"]

1. c4 e5 2. g3 Nc6 3. Bg2 g6 4. Nc3 Bg7 5. Nf3 d6 6. O-O Nge7 7. Rb1 a5 8. a3 O-O 9. b4 axb4 10. axb4 Nd4 11. e3 Nxf3+ 12. Bxf3 c6 13. Bg2 Be6 14. d3 d5 15. Qe2 Nf5 16. Rd1 Re8 17. b5 h5 18. h4 Rc8 19. bxc6 bxc6 20. Ba3 d4 21. exd4 Nxd4 22. Qf1 Bg4 23. f3 Bf5 24. Ne4 Ra8 25. Bc5 Bf8 26. Bxf8 Rxf8 27. Qf2 Bxe4 28. fxe4 Kg7 29. Rf1 Qe7 30. Rb2 Ra3 31. Qe3 f6 32. Rbf2 Rf7 33. Qd2 Qd6 34. Kh2 Ne6 35. Rf3 Nc5 36. Qb4 Rb3 37. Qa5 Rxd3 38. Rxd3 Nxd3 39. Rd1 Qc5 40. Qxc5 Nxc5 41. Rd6 Rc7 42. Bf3 Nb3 43. Kh3 Nd4 44. Bd1 Ra7 45. g4 Ra3+ 46. Kg2 Ra1 47. Kg3 Rxd1 48. Kf2 hxg4 0-1


[Site "https://www.chess.com"]

[Event "Titled Tuesday Blitz January 11 2022"]
[White "Guseinov, Gadir"]
[Black "Trost, Edvin"]
[WhiteFideId "13401378"]
[BlackFideId "1729519"]
[WhiteElo "2581"]
[BlackElo "2160"]
[Result "1-0"]
[Round "02"]
[TimeControl "180+1"]
[Date "2022.01.11"]
[WhiteClock "0:00:12"]
[BlackClock "0:00:02"]

1. e4 c5 2. Nc3 g6 3. d4 cxd4 4. Qxd4 Nf6 5. Nf3 Nc6 6. Qa4 d6 7. e5 dxe5 8. Nxe5 Bd7 9. Nxd7 Qxd7 10. Be2 Bg7 11. Be3 O-O 12. Rd1 Qf5 13. O-O a6 14. Bd3 Qh5 15. Be2 Qf5 16. Qb3 b5 17. a4 b4 18. Nd5 Rad8 19. Nxf6+ Bxf6 20. Bxa6 Nd4 21. Bxd4 Bxd4 22. Bd3 Qa5 23. Kh1 Kg7 24. h3 h5 25. Bb5 Bf6 26. Kg1 h4 27. Rfe1 e6 28. Qc4 Rc8 29. Qb3 Rfd8 30. Rd3 Rxd3 31. Bxd3 Ra8 32. Bb5 Rd8 33. Qc4 Rd4 34. Qe2 Qd8 35. Bd3 b3 36. Rd1 Rxa4 37. cxb3 Rd4 38. Qc2 Qb6 39. Bc4 Rf4 40. Qe2 Bd4 41. Rf1 Qc5 42. Qd2 Rf6 43. Bd3 Qe5 44. b4 Bxb2 45. b5 Bd4 46. Qe2 Qc5 47. Be4 Rf4 48. Bf3 Rf5 49. Rb1 Re5 50. Qd2 Bc3 51. Qc2 Bd4 52. Qxc5 Rxc5 53. b6 Rc8 54. b7 Rb8 55. Kf1 Kf6 56. Rb4 Be5 57. Rxh4 Kg5 58. Ra4 f5 59. Bc6 Kf6 60. g3 Ke7 61. f4 Bc7 62. h4 e5 63. fxe5 Bxe5 64. Kg2 Kd6 65. Bf3 Ke7 66. Ra6 Kf7 67. Bd5+ Kg7 68. Kf3 Rd8 69. Ra5 Bc7 70. Rc5 Bd6 71. Rc8 Rd7 72. Bc6 Rc7 73. b8=Q Rxc6 74. Qb7+ Rc7 1-0


[Site "https://www.chess.com"]

[Event "Titled Tuesday Blitz January 11 2022"]
[White "Hakobyan, Aram"]
[Black "Belyakov, Bogdan"]
[WhiteFideId "13306677"]
[BlackFideId "24104795"]
[WhiteElo "2557"]
[BlackElo "2407"]
[Result "1-0"]
[Round "02"]
[TimeControl "180+1"]
[Date "2022.01.11"]
[WhiteClock "0:00:21"]
[BlackClock "0:00:13"]

1. e4 e5 2. Nf3 Nc6 3. d4 exd4 4. Nxd4 Nf6 5. Nc3 Bb4 6. Nxc6 bxc6 7. Bd3 d5 8. exd5 cxd5 9. O-O O-O 10. h3 c6 11. Qf3 Re8 12. Bg5 h6 13. Bh4 Qe7 14. Ne2 Bd6 15. Bg3 Bxg3 16. Nxg3 Qe5 17. b3 a5 18. a4 Ba6 19. Bxa6 Rxa6 20. Kh2 Raa8 21. Rad1 Re6 22. Qf5 Rae8 23. Qxe5 Rxe5 24. Rd3 c5 25. Rfd1 Rc8 26. Kg1 c4 27. Rc3 g6 28. Nf1 Ne4 29. Re3 cxb3 30. cxb3 Rf5 31. f3 Nc3 32. Rdd3 Na2 33. Ng3 Rf6 34. Rxd5 Ra6 35. Ne4 Kg7 36. Nd6 Nb4 37. Rd1 Rcc6 38. Ne8+ Kf8 39. Rd8 Rc1+ 40. Kh2 Rac6 41. Nd6+ Kg7 42. Re7 Rc7 43. Rxc7 Rxc7 44. Ne8+ 1-0


[Site "https://www.chess.com"]

[Event "Titled Tuesday Blitz January 11 2022"]
[White "Hess, Robert"]
[Black "Paltrinieri, Nicholas"]
[WhiteFideId "2022036"]
[BlackFideId "828262"]
[WhiteElo "2557"]
[BlackElo "2254"]
[Result "1-0"]
[Round "02"]
[TimeControl "180+1"]
[Date "2022.01.11"]
[WhiteClock "0:01:04"]
[BlackClock "0:00:27"]

1. e3 e6 2. b3 f5 3. Bb2 Nf6 4. c4 b6 5. Be2 Bb7 6. Bf3 Nc6 7. d4 Bb4+ 8. Kf1 O-O 9. Ne2 Ne4 10. c5 bxc5 11. a3 Ng5 12. Bxc6 Bxc6 13. axb4 cxb4 14. h4 Ne4 15. Nd2 a5 16. Nxe4 fxe4 17. Nf4 Qe7 18. Kg1 d5 19. Qg4 Rf6 20. Rh3 Bd7 21. Rg3 c6 22. Qg5 1-0


[Site "https://www.chess.com"]

[Event "Titled Tuesday Blitz January 11 2022"]
[White "Holt, Conrad"]
[Black "Iskusnyh, Sergei"]
[WhiteFideId "2034387"]
[BlackFideId "4120027"]
[WhiteElo "2586"]
[BlackElo "2492"]
[Result "1-0"]
[Round "02"]
[TimeControl "180+1"]
[Date "2022.01.11"]
[WhiteClock "0:00:10"]
[BlackClock "0:00:18"]

1. d4 d5 2. c4 c6 3. Nc3 Nf6 4. e3 e6 5. Bd3 a6 6. b3 Bb4 7. Bb2 Nbd7 8. a3 Bd6 9. Nf3 e5 10. cxd5 cxd5 11. Nb5 axb5 12. dxe5 Nxe5 13. Nxe5 O-O 14. O-O Qe7 15. Nf3 Bg4 16. h3 Bh5 17. g4 Bg6 18. b4 Ne4 19. Bxb5 Rad8 20. Qd4 f6 21. Rac1 Kh8 22. Be2 Bb8 23. Qb6 f5 24. Qd4 fxg4 25. hxg4 Rf7 26. Ne5 Rf6 27. f4 Re6 28. Rf3 Rxe5 29. fxe5 Qh4 30. Rcf1 Qxg4+ 31. Kh2 Re8 32. Rf8+ 1-0


[Site "https://www.chess.com"]

[Event "Titled Tuesday Blitz January 11 2022"]
[White "Kalashian, David"]
[Black "Abdrlauf, Elham"]
[WhiteFideId "13302418"]
[BlackFideId "1533533"]
[WhiteElo "2490"]
[BlackElo "2334"]
[Result "1/2-1/2"]
[Round "02"]
[TimeControl "180+1"]
[Date "2022.01.11"]
[WhiteClock "0:00:13"]
[BlackClock "0:00:40"]

1. d4 Nf6 2. c4 e6 3. Nf3 d5 4. Nc3 dxc4 5. e3 a6 6. a4 c5 7. Bxc4 Nc6 8. O-O Be7 9. Qe2 cxd4 10. Rd1 O-O 11. exd4 Nb4 12. Bg5 Bd7 13. Ne5 Be8 14. Bxf6 Bxf6 15. d5 exd5 16. Nxd5 Nxd5 17. Bxd5 Qe7 18. Re1 Rd8 19. Bf3 Qb4 20. Ng4 Qxb2 21. Nxf6+ Qxf6 22. Bxb7 a5 23. Bf3 Bc6 24. Bxc6 Qxc6 25. Qb5 Qxb5 26. axb5 Ra8 27. b6 Rfb8 28. Reb1 Ra6 29. b7 Ra7 30. g3 g6 31. Rb5 a4 32. Rb4 a3 33. Rb3 a2 34. Rb2 Rbxb7 35. Rxb7 Rxb7 36. Rxa2 Kg7 37. Kg2 Rb6 38. h4 h5 39. Re2 Kf6 40. Re3 Rb5 41. Rf3+ Kg7 42. Re3 Rc5 43. Rf3 Re5 44. Rd3 f6 45. Rf3 Kf7 46. Rd3 Ke6 47. Ra3 Kf5 48. Ra4 Re4 49. Ra5+ Re5 50. Ra4 Rd5 51. Rb4 Ke5 52. Ra4 Rd4 53. Ra5+ Ke6 54. Ra6+ Rd6 55. Ra5 Kf7 56. Ra4 Kg7 57. Ra3 Kh6 58. Rf3 g5 59. hxg5+ fxg5 60. Rb3 Kg6 61. Rb5 Re6 62. Rc5 Kf6 63. Rb5 Re5 64. Rb6+ Kf5 65. Rb8 Rc5 66. Rf8+ Kg6 67. Rg8+ Kf7 68. Rh8 g4 69. Rh7+ Kg6 70. Ra7 Rf5 71. Ra6+ Kg5 72. Ra8 Rf6 73. Rg8+ Rg6 74. Ra8 Kh6 75. Ra5 Rf6 76. Rb5 Kg6 77. Rc5 Rf5 78. Rc6+ Kg5 79. Rc8 Ra5 80. Rg8+ Kf5 81. Rf8+ Ke4 82. Rf4+ Kd3 83. Rf8 Re5 84. Rf4 Ke2 85. Rf8 Rb5 86. Rf4 Kd3 87. Rf8 Ke4 88. Rf4+ Ke5 89. Rf8 Rd5 90. Rf7 Ke6 91. Rf4 Ra5 92. Rf8 Rb5 93. Rf4 Rf5 94. Re4+ Kf6 95. Ra4 Re5 96. Rf4+ Kg5 97. Ra4 h4 98. gxh4+ Kxh4 99. f3 Re2+ 100. Kf1 Rb2 101. Rxg4+ Kh3 102. Rg8 Ra2 103. Ke1 Rb2 104. Kf1 Ra2 105. Rg7 Rc2 106. f4 Rc4 107. Rf7 Kg4 108. Ke2 Rc3 109. Kd2 Ra3 110. Ke2 Rh3 111. f5 Kf4 112. Rf8 Ra3 113. f6 Kf5 114. Kf2 Rb3 115. Ke2 Rc3 116. Kd2 Rh3 117. f7 Kf6 118. Re8 Kxf7 119. Re3 Rxe3 120. Kxe3 1/2-1/2


[Site "https://www.chess.com"]